 Dungeon Crawl Stone Soup version 0.29-a0-334-gb41bcbb86e (webtiles) character file.

Game seed: 4774814632565906945

503 spaghetti the Poker (level 7, -3/53 (62) HPs)
             Began as a Naga Berserker on Apr 13, 2022.
             Was a Believer of Trog.
             Slain by Duvessa
             ... wielding a +0 short sword of venom
              (10 damage)
             ... on level 4 of the Dungeon.
             The game lasted 00:05:31 (3780 turns).

spaghetti the Poker (Naga Berserker)                Turns: 3780, Time: 00:05:32

HP:   -3/53 (62)    AC:  6    Str: 21    XL:     7   Next: 17%
MP:   7/7           EV:  6    Int:  8    God:    Trog [**....]
Gold: 119           SH: 10    Dex: 10    Spells: 6/6 levels left

rFire   + . .      SeeInvis +   a - +0 spear {polearm}
rCold   + . .      Faith    .   r - +0 tower shield
rNeg    . . .      Spirit   .   b - +0 animal skin
rPois   +          Reflect  .   j - +0 helmet
rElec   +          Harm     .   g - +0 cloak
rCorr   +          Rampage  .   (no gloves)
Will    ++...                   (no barding)
Stlth   +.........              (no amulet)
HPRegen 1.17/turn               (no ring)
MPRegen 0.10/turn               (no ring)

@: lethally poisoned (-3 -> -11), lit by a corona, resistant, strong-willed, on
berserk cooldown, regenerating, slowed, glowing, heavily drained, very slow
A: AC +2, large, see invisible, deformed body, poison resistance, slowness 2,
spit poison 1, naga tail 1
a: Spit Poison, Renounce Religion, Berserk, Trog's Hand


You were on level 4 of the Dungeon.
You worshipped Trog.
Trog was pleased with you.
You visited 1 branch of the dungeon, and saw 5 of its levels.

You collected 119 gold pieces.


Innate Abilities, Weirdness & Mutations

Your serpentine skin is tough. (AC +2)
You have supernaturally acute eyesight. (SInv)
Armour fits poorly on your strangely shaped body.
Your system is resistant to poisons. (rPois)
You cover ground very slowly.
You can spit poison.
You have a snake-like lower body.


   Skills:
 - Level 3.0 Fighting
 * Level 6.0 Polearms
 + Level 3.8 Armour
 - Level 1.5 Dodging
 + Level 1.9 Shields


You had 6 spell levels left.
You didn't know any spells.
Your spell library contained the following spells:

 Spells                   Type           Power      Damage    Failure   Level
 Animate Skeleton         Necr           0%         N/A       98%         1
 Pain                     Necr           0%         1d4       98%         1
 Sting                    Tmut/Pois      0%         1d3       98%         1
 Poisonous Vapours        Pois/Air       0%         N/A       99%         2
 Gell's Gravitas          Tloc           0%         N/A       100%        3
 Lesser Beckoning         Tloc           0%         N/A       100%        3
 Stone Arrow              Conj/Erth      0%         3d7       100%        3
 Teleport Other           Tloc           0%         N/A       100%        3
 Vampiric Draining        Necr           0%         2d6       100%        3
 Animate Armour           Summ/Erth      0%         N/A       100%        4
 Olgreb's Toxic Radiance  Pois           0%         N/A       100%        4
 Lehudib's Crystal Spear  Conj/Erth      0%         10d2      100%        8

Inventory:

Hand Weapons
 a - a +0 spear (weapon) {polearm}
 u - a +0 scythe {polearm}
   (You took it off Sigmund on level 5 of the Dungeon)
Missiles
 e - 44 stones (quivered) {throwing}
 f - 7 poisoned darts {throwing}
 o - a throwing net {=f!fthrowing}
Armour
 b - a +0 animal skin (worn)
 g - a +0 cloak (worn)
   (You found it on level 1 of the Dungeon)
 j - a +0 helmet (worn)
   (You found it on level 1 of the Dungeon)
 q - a +0 buckler
   (You found it on level 2 of the Dungeon)
 r - a +0 tower shield (worn)
   (You found it on level 2 of the Dungeon)
Scrolls
 c - a scroll of brand weapon {unknown}
 h - 2 scrolls of immolation {unknown}
 m - 2 scrolls of teleportation {unknown}
 p - a scroll of enchant weapon {unknown}
 s - a scroll of identify {unknown}
Potions
 i - a potion of degeneration {unknown}
 n - 2 potions of cancellation {unknown}
 t - a potion of attraction {unknown}
 v - a potion of brilliance {unknown}

Dungeon Overview and Level Annotations

Branches:
Dungeon (5/15)             Temple (0/1) D:4

Altars:
Nemelex Xobeh
Sif Muna

Shops:
D:2 [

Annotations:
D:4 exclusion: door, Dowan, Duvessa

#.....................#......#
##################'####......#
#.............########
#.............#
#.............#
+.............#
###.............#
.......ยง#+####### ....e..@#
.......eS....<.
........#......
....>...#...... #########
..... ..... .... ....


You could see Duvessa (fast), Dowan and an adder.


Message History

You block Duvessa's attack.
Dowan mumbles some strange words.
Dowan blinks! ๐Ÿ˜ฎ HP[-2]
You take 2 damage, and now have 33/60 hp.
You hit Duvessa.
You feel sick. You block Duvessa's attack. You block the adder's attack.
Duvessa hits you with a +0 short sword of venom.
Dowan says, "Magic and the sword, together, will defeat you."
You block the adder's attack.
Duvessa hits you with a +0 short sword of venom. ๐Ÿ˜ฎ HP[-2]
You take 2 damage, and now have 31/60 hp.
You barely miss Duvessa.
You feel sick. The adder completely misses you.
Duvessa hits you with a +0 short sword of venom.
* * * LOW HITPOINT WARNING * * *
The adder bites you.
* * * LOW HITPOINT WARNING * * *
Duvessa barely misses you.
You block the adder's attack. ๐Ÿ˜จ HP[-7]
You take 7 damage, and now have 24/60 hp.
You barely miss Duvessa.
Your skin stops crawling.
You feel less strong-willed.
You feel sick.
You are no longer poisoned.
You block Duvessa's attack. Dowan casts a spell at you.
The puff of flame hits you. You resist.
* * * LOW HITPOINT WARNING * * *
You block Duvessa's attack. The adder barely misses you.
Duvessa hits you but does no damage.
You are poisoned.
The adder barely misses you. ๐Ÿ˜จ HP[-4]
You take 4 damage, and now have 20/60 hp.
You hit Duvessa but do no damage.
You feel very sick. You block Duvessa's attack. The adder barely misses you.
Dowan hits you but does no damage.
You feel drained.
Duvessa says, "When magic and the sword combine, nothing stands against them."
Duvessa hits you with a +0 short sword of venom.
* * * LOW HITPOINT WARNING * * *
You block the adder's attack.
Dowan says, "My weaknesses are her strengths!"
Dowan hits you with a +2 dagger of draining.
* * * LOW HITPOINT WARNING * * *
You feel drained.
Duvessa hits you with a +0 short sword of venom.
* * * LOW HITPOINT WARNING * * *
๐Ÿ˜ฑ HP[-16]
You now have 58 max hp (-2).
You take 16 damage, and now have 4/58 hp.
MASSIVE DAMAGE!! (PAUSE)
You feel better. You block the adder's attack. You block Duvessa's attack.
Dowan hits you with a +2 dagger of draining.
* * * LOW HITPOINT WARNING * * *
You feel drained. The adder bites you.
* * * LOW HITPOINT WARNING * * *
Duvessa hits you with a +0 short sword of venom.
* * * LOW HITPOINT WARNING * * *
๐Ÿ˜ฑ HP[-2]
You now have 56 max hp (-2).
You feel better. You block Duvessa's attack.
The adder bites you but does no damage.
Dowan hits you with a +2 dagger of draining.
* * * LOW HITPOINT WARNING * * *
You feel drained.
* * * LOW HITPOINT WARNING * * *
You block the adder's attack. Duvessa barely misses you.
Dowan hits you with a +2 dagger of draining.
* * * LOW HITPOINT WARNING * * *
You feel drained. ๐Ÿ˜ฑ HP[+5]
You now have 53 max hp (-3).
You regained 5 hp, and now have 7/53 hp.
Okay, then.
Okay, then.
You feel better.
Duvessa hits you with a +0 short sword of venom.
* * * LOW HITPOINT WARNING * * *
You are poisoned.
The adder bites you but does no damage. You block Duvessa's attack.
Dowan gestures at you while chanting.
You are outlined in light.
The adder barely misses you. ๐Ÿ˜ฑ HP[+6]
You regained 6 hp, and now have 13/53 hp.
Your skin crawls.
You feel strong-willed.
You feel very sick.
Duvessa hits you with a +0 short sword of venom.
* * * LOW HITPOINT WARNING * * *
You are lethally poisoned!
Dowan gestures wildly while chanting.
Dowan blinks!
The adder bites you.
* * * LOW HITPOINT WARNING * * *
Duvessa completely misses you. The adder barely misses you.
Duvessa hits you with a +0 short sword of venom!
You die...

Skill      XL: |  1  2  3  4  5  6 |
---------------+-------------------+-----
Armour         | 2 3 |  3.8
Polearms       | 4 5 6 |  6.0
Shields        | 1 |  1.9
Fighting       | |  3.0
Dodging        | |  1.5

Action                   |  1- 3 |  4- 6 |  7- 9 || total
-------------------------+-------+-------+-------++-------
Melee: Spear             |   115 |   140 |    25 ||   280
       Punch             |     1 |     1 |       ||     2
Throw: Stone             |       |     3 |       ||     3
Invok: Berserk           |     1 |     3 |       ||     4
       Trog's Hand       |       |       |     2 ||     2
 Abil: Spit Poison       |     3 |     4 |     1 ||     8
  Use: Potion            |       |       |     6 ||     6
 Stab: Sleeping          |     3 |     1 |       ||     4
Armor: Animal skin       |    16 |    53 |    13 ||    82
Dodge: Dodged            |    40 |    49 |    20 ||   109
Block: Tower shield      |       |    15 |    30 ||    45

Levels and vault maps discovered:
D:1:      saegor_arrival_simple_b, layout_basic, bh_walls_and_bars
D:2:      layout_basic, serial_shops, shop, basic_altar,
          hellmonk_ecumenical_altar_dog_temple, minmay_quantized
D:3:      layout_basic, mainiacjoe_overflow_catwalk, uniq_jessica, uniq_natasha
D:4:      layout_gridville, led_sif_book, grunt_temple_overflow_diamond,
          minmay_temple_entry_overgrown, uniq_grinder, uniq_duvessa
D:5:      layout_basic, gup_sewer_entry_bowl, uniq_sigmund, uniq_ijyb

Notes
Turn   | Place    | Note
-------+----------+-------------------------------------------
     0 | D:1      | spaghetti the Naga Berserker began the quest for the Orb.
     0 | D:1      | Reached XP level 1. HP: 21/21 MP: 1/1
     0 | D:1      | magus.rc [v1.9.6]
   113 | D:1      | Reached XP level 2. HP: 13/28 MP: 2/2
   310 | D:1      | Reached skill level 2 in Armour
   492 | D:1      | Reached XP level 3. HP: 34/34 MP: 3/3
  1260 | D:1      | Reached skill level 4 in Polearms
  1566 | D:2      | Reached XP level 4. HP: 25/42 MP: 4/4
  1810 | D:2      | Reached ** piety under Trog
  2055 | D:2      | Found a sparkling altar of Nemelex Xobeh.
  2063 | D:2      | Found Etihirr's Armour Shoppe.
  2124 | D:2      | Found a faded altar of an unknown god.
  2267 | D:2      | Reached skill level 3 in Armour
  2267 | D:2      | Reached XP level 5. HP: 31/49 MP: 5/5
  2378 | D:2      | You pick up a book of Necromancy {forbidden} and begin
                  | reading...
  2378 | D:2      | You add the spells Pain, Animate Skeleton and Vampiric
                  | Draining to your library.
  2762 | D:3      | You add the spells Sting, Poisonous Vapours and Olgreb's
                  | Toxic Radiance to your library.
  2763 | D:3      | You fall into a shaft and drop 2 floors!
  2763 | D:5      | Entered Level 5 of the Dungeon
  2780 | D:5      | Noticed Sigmund
  2797 | D:5      | Killed Sigmund
  2798 | D:5      | Reached skill level 5 in Polearms
  2798 | D:5      | Reached skill level 1 in Shields
  2798 | D:5      | Reached XP level 6. HP: 40/56 MP: 6/6
  2955 | D:4      | Noticed a sky beast
  2969 | D:4      | HP: 18/84 [sky beast (5)]
  2971 | D:4      | Killed a sky beast
  3266 | D:4      | Found a staircase to the Ecumenical Temple.
  3272 | D:4      | HP: 21/84 [ogre/+0 giant spiked club (27)]
  3277 | D:4      | Reached skill level 6 in Polearms
  3277 | D:4      | Reached XP level 7. HP: 24/62 MP: 7/7
  3547 | D:4      | Found a shimmering blue altar of Sif Muna.
  3641 | D:4      | You pick up a book of Displacement {forbidden} and begin
                  | reading...
  3641 | D:4      | You add the spells Lesser Beckoning, Gell's Gravitas and
                  | Teleport Other to your library.
  3695 | D:4      | You pick up a book of Armaments {forbidden} and begin
                  | reading...
  3695 | D:4      | You add the spells Stone Arrow, Animate Armour and
                  | Lehudib's Crystal Spear to your library.
  3752 | D:4      | Noticed Duvessa
  3752 | D:4      | Noticed Dowan
  3776 | D:4      | HP: 15/60 [poisoned by Duvessa]
  3776 | D:4      | HP: 4/58 [Duvessa/+0 short sword of venom (5)]
  3780 | D:4      | Slain by Duvessa

Vanquished Creatures
  Sigmund (D:5)
  A sky beast (D:4)
  An ogre (D:4)
  2 hounds
  3 adders (D:2)
  2 gnolls (D:1)
  2 worms (D:2)
  A dart slug (D:1)
  7 ball pythons
  9 bats
  6 endoplasms
  2 giant cockroaches
  4 goblins
  7 hobgoblins
  3 jackals (D:2)
  2 kobolds
  4 quokkas (D:1)
  4 frilled lizards
  3 rats (D:1)
64 creatures vanquished.

Table legend:
 A = Non-vault XP
 B = Vault XP
 C = Vault XP percentage of total XP
 D = Non-vault monster count
 E = Vault monster count
 F = Vault count percentage of total count
                 A         B        C        D         E       F
            +---------+---------+-------+---------+---------+-------
      Total |     479 |     240 |  33.4 |      56 |       8 |  12.5
            +---------+---------+-------+---------+---------+-------
        D:1 |      78 |       0 |   0.0 |      30 |       0 |   0.0
        D:2 |     100 |      26 |  20.6 |      18 |       7 |  28.0
        D:4 |     301 |       0 |   0.0 |       8 |       0 |   0.0
        D:5 |       0 |     214 | 100.0 |       0 |       1 | 100.0
            +---------+---------+-------+---------+---------+-------

Illustrated notes

Table legend:
 A = Kills in this place as a percentage of kills in entire the game.
 B = Kills by you in this place as a percentage of kills by you in the entire game.
 C = Kills by friends in this place as a percentage of kills by friends in the entire game.
 D = Other kills in this place as a percentage of other kills in the entire game.
 E = Experience gained in this place as a percentage of experience gained in the entire game.
 F = Experience gained in this place divided by the number of levels of this place that you have seen.
                   A       B       C       D       E      F
               +-------+-------+-------+-------+-------+----------------------
         Total | 100.0 | 100.0 |   N/A |   N/A | 100.0 | 143.8
       Dungeon | 100.0 | 100.0 |   N/A |   N/A | 100.0 | 143.8
               +-------+-------+-------+-------+-------+----------------------

Table legend: (Time is in decaauts)
 A = Elapsed time spent in this place.
 B = Non-inter-level travel time spent in this place.
 C = Inter-level travel time spent in this place.
 D = Time resting spent in this place.
 E = Time spent auto-exploring this place.
 F = Levels seen in this place.
 G = Mean time per level.
                   A        B        C        D        E       F      G
               +--------+--------+--------+--------+--------+-----+--------+
         Total |   4408 |   4252 |    156 |   1380 |   2326 |   5 |  881.6 |
       Dungeon |   4408 |   4252 |    156 |   1380 |   2326 |   5 |  881.6 |
               +--------+--------+--------+--------+--------+-----+--------+

Top non-repeatable levels by time:
     D:1: 1857 daAuts
     D:2: 1402 daAuts
     D:4: 928 daAuts
     D:5: 213 daAuts
     D:3: 5 daAuts
